 Dungeon Crawl Stone Soup version 0.30-a0-305-g026cb31310 (webtiles) character file.

Game seed: 6220645314886856502

233 daveb22 the Trooper (level 5, 0/47 HPs)
             Began as a Draconian Fighter on Oct 23, 2022.
             Succumbed to an adder's poison
             ... in a sewer.
             The game lasted 00:16:27 (2253 turns).

daveb22 the Trooper (Draconian Fighter)             Turns: 2253, Time: 00:16:28

Health: 0/47       AC:  5    Str: 20    XL:     5   Next: 74%
Magic:  4/14       EV:  9    Int:  9    God:
Gold:   62         SH:  4    Dex: 10    Spells: 4/4 levels left

rFire   . . .      SeeInvis .    a - +0 rapier
rCold   . . .      Faith    .    b - +0 buckler
rNeg    . . .      Spirit   +    (body armour unavailable)
rPois   .          Reflect  .    (helmet restricted)
rElec   .          Harm     .    (no cloak)
rCorr   .          Rampage  .    (no gloves)
Will    .....                    (no boots)
Stlth   +.........               s - amulet of guardian spirit
HPRegen 0.27/turn                j - ring of magical power
MPRegen 0.14/turn                o - +4 ring of slaying

@: mighty, lethally poisoned (0 -> -6), constricted, very slow
A: AC +5, unfitting armour, cold-blooded
a: no special abilities


You were in a sewer.
You visited 1 branch of the dungeon, and saw 3 of its levels.
You also visited: Sewer.

You collected 62 gold pieces.

Inventory:

Hand Weapons
 a - a +0 rapier (weapon)
 f - a +0 dagger
 h - a +0 dagger
 i - a +0 spear
 k - a +0 whip
 p - a +0 short sword
 B - a +1 dagger of venom
Missiles
 g - 9 poisoned darts (quivered)
 l - 29 stones
 v - a throwing net
 y - 6 curare-tipped darts
Armour
 b - a +0 buckler (worn)
 e - a +0 robe
 m - an orb of energy
Jewellery
 j - a ring of magical power (left hand)
 o - a +4 ring of slaying (right hand)
 s - an amulet of guardian spirit (around neck)
 z - a ring of poison resistance
Scrolls
 n - a scroll of brand weapon {unknown}
 q - 2 scrolls of blinking {unknown}
 t - a scroll of poison {unknown}
 u - a scroll of teleportation
 x - 2 scrolls of identify {unknown}
Potions
 d - a potion of lignification {unknown}
 r - a potion of flight {unknown}
 w - a potion of heal wounds {unknown}
 A - a potion of cancellation {unknown}


   Skills:
 + Level 4.5 Fighting
 + Level 3.9 Short Blades
 + Level 3.5 Dodging
 + Level 0.9 Stealth
 + Level 3.7 Shields


You had 4 spell levels left.
You didn't know any spells.
Your spell library contained the following spells:

 Spells                   Type           Power      Damage    Failure   Level
 Apportation              Tloc           0%         N/A       47%         1
 Necrotise                Necr           0%         1d4       47%         1
 Summon Small Mammal      Summ           0%         N/A       47%         1


Dungeon Overview and Level Annotations

Branches:
Dungeon (3/15)              Sewer (1/1)

Altars:
Wu Jian

Shops:
D:2 *


Innate Abilities, Weirdness & Mutations

Your plain brown scales are hard. (AC +5)
You cannot fit into any form of body armour.
You are cold-blooded and may be slowed by cold attacks.


Message History

The ball python bites you but does no damage.
The ball python constricts you. The adder closely misses you.
The rat splashes around in the water.
Your unstable footing causes you to fumble your attack.
You feel sick. The adder barely misses you.
The rat bites you but does no damage. The adder bites you but does no damage.
The ball python bites you.
* * * LOW HITPOINT WARNING * * *
The ball python constricts you. You block the rat's attack.
The rat barely misses you. The rat bites you.
* * * LOW HITPOINT WARNING * * *
You hit the adder.
The adder is moderately wounded.
You feel sick. The adder bites you.
* * * LOW HITPOINT WARNING * * *
You are more poisoned.
The adder poisons you! The adder barely misses you.
The rat bites you but does no damage. The ball python closely misses you.
The ball python constricts you. The rat barely misses you.
The rat bites you but does no damage. The adder bites you. x2
* * * LOW HITPOINT WARNING * * *
You are lethally poisoned!
The adder poisons you! The rat bites you.
* * * LOW HITPOINT WARNING * * *
The rat closely misses you. The ball python bites you.
* * * LOW HITPOINT WARNING * * *
The ball python constricts you.
You closely miss the adder.
The adder is moderately wounded.
* * * LOW HITPOINT WARNING * * *
You feel very sick.
The adder barely misses you. x2; The rat splashes around in the water.
The rat bites you but does no damage. The rat closely misses you.
The ball python bites you.
* * * LOW HITPOINT WARNING * * *
The ball python constricts you. The rat bites you.
* * * LOW HITPOINT WARNING * * *
You puncture the adder!
You kill the adder!
You die...

~≈≈≈≈~~.....##
...#...~≈≈≈≈~.....#
#......~~~~......##
#.......~~.......##
#......≈≈........##
#......≈~~........##
#......S≈~....÷.#..#
##.....r≈S......###.#
#......r@r~.....###∩#
S..##..Sr≈.~.....####
##..~~≈......##
##~.≈≈~.......#
#.~~≈≈~.~.....##
.....≈≈≈≈≈....÷..#
.....~≈≈≈≈~......#
#.....≈≈≈≈~.~.....#
......~≈≈≈~~~....##


You could see an adder, 2 ball pythons and 4 rats.

Vanquished Creatures
  A kobold brigand (Sewer)
  An orc wizard (D:3)
  4 adders
  3 river rats (Sewer)
  A worm (D:2)
  A dart slug (D:3)
  2 orcs (D:3)
  4 ball pythons
  4 endoplasms
  8 giant cockroaches (D:3)
  8 goblins
  2 hobgoblins (D:2)
  13 kobolds
  3 quokkas
  6 bats
  3 frilled lizards
  13 rats
77 creatures vanquished.

Notes
Turn   | Place    | Note
-------+----------+-------------------------------------------
     0 | D:1      | daveb22 the Draconian Fighter began the quest for the Orb.
     0 | D:1      | Reached XP level 1. HP: 19/19 MP: 1/1
   148 | D:1      | Reached XP level 2. HP: 25/26 MP: 2/2
   794 | D:2      | Reached XP level 3. HP: 26/33 MP: 3/3
   994 | D:2      | Reached skill level 4 in Fighting
  1165 | D:2      | Found Icatasut's General Store.
  1653 | D:3      | Found an ornate altar of the Wu Jian Council.
  1728 | D:3      | Reached XP level 4. HP: 36/40 MP: 4/4
  1844 | D:3      | Found a glowing drain.
  1884 | Sewer    | Entered a sewer
  2029 | Sewer    | Noticed a kobold brigand
  2045 | Sewer    | Killed a kobold brigand
  2046 | Sewer    | Reached XP level 5. HP: 40/47 MP: 5/5
  2252 | Sewer    | HP: 2/47 [rat (1)]
  2253 | Sewer    | Succumbed to an adder's poison

Illustrated notes

Levels and vault maps discovered:
D:1:      onia_arrival_handbag, layout_basic, basic_ecumenical_altar,
          corner_web_ring
D:2:      layout_basic, serial_shops, shop
D:3:      layout_loops_ring, amcnicky_altar_gilded,
          mainiacjoe_overflow_small_starburst, portal_sewer_entry_f,
          hellmonk_ghost_happy_afterlife, glass_columns_a
Sewer:    sewer_minmay_treatment

Skill      XL: |  1  2  3  4 |
---------------+-------------+-----
Dodging        | 3 |  3.5
Fighting       | 4 |  4.5
Short Blades   | 3 |  3.9
Stealth        | |  0.9
Shields        | |  3.7

Action                   |  1- 3 |  4- 6 || total
-------------------------+-------+-------++-------
Melee: Rapier            |    83 |   103 ||   186
       Tailslap          |    11 |     5 ||    16
  Use: Scroll            |       |     1 ||     1
       Potion            |       |     1 ||     1
 Stab: Sleeping          |     1 |       ||     1
Armor: Skin              |    24 |    39 ||    63
Dodge: Dodged            |    45 |    83 ||   128
Block: Buckler           |    13 |    24 ||    37

Table legend: (Time is in decaauts)
 A = Elapsed time spent in this place.
 B = Non-inter-level travel time spent in this place.
 C = Inter-level travel time spent in this place.
 D = Time resting spent in this place.
 E = Time spent auto-exploring this place.
 F = Levels seen in this place.
 G = Mean time per level.
                   A        B        C        D        E       F      G
               +--------+--------+--------+--------+--------+-----+--------+
         Total |   2281 |   2276 |      5 |     61 |   1202 |   4 |  570.2 |
       Dungeon |   1904 |   1899 |      5 |      9 |   1063 |   3 |  634.7 |
         Sewer |    377 |    377 |      0 |     52 |    139 |   1 |  377.0 |
               +--------+--------+--------+--------+--------+-----+--------+

Top non-repeatable levels by time:
     D:2: 874 daAuts
     D:1: 767 daAuts
   Sewer: 377 daAuts
     D:3: 261 daAuts
